 Dungeon Crawl Stone Soup version 0.21.1-1-g345015fe64 (webtiles) character file.

9829 Naow the Cleaver (level 11, -18/75 HPs)
             Began as a Formicid Fighter on June 9, 2018.
             Was a High Priest of Okawaru.
             Hit by a large rock thrown by a cyclops (30 damage)
             ... on level 11 of the Dungeon.
             The game lasted 00:24:32 (11623 turns).

Naow the Cleaver (Formicid Fighter)                Turns: 11623, Time: 00:24:32

Health: -18/75     AC: 15    Str: 25    XL:     11   Next: 81%
Magic:  18/18      EV:  7    Int:  7    God:    Okawaru [*****.]
Gold:   538        SH: 12    Dex: 10    Spells: 10/10 levels left

rFire    + . .     SeeInvis +   a - +0 war axe
rCold    x . .     Gourm    .   c - +0 shield
rNeg     . . .     Faith    .   m - +0 plate armour
rPois    +         Spirit   .   (helmet unavailable)
rElec    .         Reflect  .   (no cloak)
rCorr    .         Harm     .   C - +1 pair of gloves
MR       +....                  K - +0 pair of boots {run}
Stlth    ..........             n - amulet of magic regeneration
HPRegen  0.22/turn              o - ring of fire
MPRegen  0.41/turn              D - ring of poison resistance

@: starving, quick
A: permanent stasis, dig shafts and tunnels, four strong arms, antennae 3
a: Dig, Shaft Self, Heroism, Finesse, Renounce Religion


You were on level 11 of the Dungeon.
You worshipped Okawaru.
Okawaru was extremely pleased with you.
You were starving.

You visited 2 branches of the dungeon, and saw 12 of its levels.
You also visited: Ossuary.

You collected 578 gold pieces.
You spent 40 gold pieces at shops.

Inventory:

Hand Weapons
 a - a +0 war axe (weapon)
 E - a +0 battleaxe
Armour
 b - a +0 scale mail
 c - a +0 shield (worn)
 m - a +0 plate armour (worn)
 A - a +0 pair of gloves
 C - a +1 pair of gloves (worn)
 J - +0 ice dragon scales
 K - a +0 pair of boots of running (worn)
Jewellery
 n - an amulet of magic regeneration (around neck)
 o - a ring of fire (left hand)
 x - an uncursed ring of protection from cold
 D - a ring of poison resistance (right hand)
 F - an uncursed ring of flight
Wands
 e - a wand of digging (36)
 i - a wand of random effects (13)
 r - a wand of paralysis (7)
 H - a wand of iceblast (8)
Scrolls
 h - 3 scrolls of magic mapping
 j - 2 scrolls of remove curse
 k - 8 scrolls of identify
 l - 2 scrolls of immolation {unknown}
 p - a scroll of fear {unknown}
 u - a scroll of fog {unknown}
 w - a scroll of enchant armour {unknown}
 y - 2 scrolls of enchant weapon {unknown}
 z - a scroll of noise {unknown}
 G - a scroll of acquirement {unknown}
 I - a scroll of blinking {unknown}
 L - 3 scrolls of amnesia {unknown}
Potions
 d - 4 potions of might
 g - 2 potions of haste
 q - a potion of lignification
 s - 3 potions of curing
 v - a potion of cancellation
 B - 3 potions of agility
Books
 t - a book of Callings

   Spells                             Type                      Level
   a - Summon Small Mammal            Summoning                    1
   b - Call Imp                       Summoning                    2
   c - Call Canine Familiar           Summoning                    3
   d - Summon Guardian Golem          Hexes/Summoning              3
   e - Summon Lightning Spire         Summoning/Air                4
   f - Summon Ice Beast               Ice/Summoning                4
Comestibles
 f - 21 rations


   Skills:
 - Level 3.2 Fighting
 - Level 12.3 Axes
 + Level 4.6 Armour
 + Level 2.3 Dodging
 - Level 11.0 Shields
 + Level 9.8 Invocations


You had 10 spell levels left.
You didn't know any spells.

Dungeon Overview and Level Annotations

Branches:
Dungeon (11/15)            Temple (1/1) D:4
   Lair: D:8-11         Orc: D:9-12

Altars:
Ashenzari
Cheibriados
Elyvilon
Fedhas
Gozag
Hepliaklqana
Kikubaaqudgha
Makhleb
Okawaru
Qazlal
Ru
Sif Muna
Trog
Uskayaw
Vehumet
Wu Jian
Xom
Yredelemnul
Zin
The Shining One

Shops:
D:7 ?

Annotations:
D:4 kaisn's ghost, novice TrBe
D:5 Kohma's ghost, novice MiGl
D:7 Kohma's ghost, novice MiFi


Innate Abilities, Weirdness & Mutations

You cannot be hasted, slowed, berserked, paralysed or teleported.
You can dig through walls and to a lower floor.
Your four strong arms can wield two-handed weapons with a shield.
You have a pair of large antennae on your head. (SInv)


Message History

The bullfrog hits you but does no damage.
You are starving!
You hit the bullfrog.
The bullfrog is lightly wounded.
You block the bullfrog's attack. The bullfrog hits you.
* * * LOW HITPOINT WARNING * * *
You slash the bullfrog!
The bullfrog is severely wounded.
You block the bullfrog's attack.
You hit the bullfrog but do no damage.
The bullfrog is severely wounded.
The bullfrog hits you.
* * * LOW HITPOINT WARNING * * *
You slash the bullfrog!
You kill the bullfrog!
Okawaru accepts your kill.
You see here a bullfrog corpse.
You butcher the bullfrog corpse.
The cyclops throws a large rock.
The large rock hits you!!
You die...

..###...##........#.....#####....
........##........#.............
........##....................##+
........#####....................
.(##.....)###.....÷..............
(.##.....)(...(..................
..##......)......................
...#.....C.......................
...#............@.....)........÷.
F..######........................
...# #............>...........
.{.# #....................###[
...# #........####........# #.
#........# #........# ##
########## ####.....# #######


You could see a cyclops.

Vanquished Creatures
  A two-headed ogre (D:11)
  The ghost of Revguard the Chopper, a novice DsFi of Makhleb (D:8)
  An unseen horror (D:10)
  An ugly thing (D:11)
  A troll (D:10)
  Prince Ribbit (D:6)
  4 hippogriffs
  5 yaks (D:9)
  Grum (D:8)
  A water moccasin (D:4)
  Duvessa (D:6)
  5 sky beasts
  3 orc warriors
  4 ice beasts
  A black bear (D:9)
  2 necrophages
  3 ogres
  A phantom (D:9)
  A centaur (D:6)
  6 wolves
  4 big kobolds
  7 bullfrogs
  Dowan (D:6)
  6 scorpions
  4 killer bees
  8 wights
  A howler monkey (D:6)
  3 crimson imps
  6 hounds
  A quasit (D:10)
  2 centaur zombies
  2 bullfrog zombies
  4 jellies
  4 orc priests
  Jessica (D:2)
  4 iguanas
  Ijyb (D:3)
  5 worker ants
  Natasha (thrice) (D:2)
  3 orc wizards
  Terence (D:3)
  A killer bee zombie (D:5)
  4 big kobold zombies (Ossuary)
  3 hound skeletons
  5 mummies (Ossuary)
  7 gnolls
  9 adders
  A shadow imp (D:9)
  2 oozes
  3 adder zombies
  A worm (D:2)
  A dart slug (D:1)
  4 leopard geckos
  24 orcs
  5 ball pythons
  3 giant cockroaches
  8 hobgoblins
  23 jackals
  3 quokkas
  5 bats
  7 frilled lizards
  9 goblins
  A goblin zombie (D:8)
  4 hobgoblin zombies (Ossuary)
  35 kobolds
  2 leopard gecko skeletons
  A leopard gecko zombie (D:8)
  A quokka skeleton (D:4)
  2 quokka zombies
  7 rats
  A spectral orc (D:2)
297 creatures vanquished.

Vanquished Creatures (others)
  An adder (D:10)
  An orc (D:10)
  A quokka (D:2)
3 creatures vanquished.

Grand Total: 300 creatures vanquished

Notes
Turn   | Place    | Note
-------+----------+-------------------------------------------
     0 | D:1      | Naow the Formicid Fighter began the quest for the Orb.
     0 | D:1      | Reached XP level 1. HP: 18/18 MP: 1/1
   128 | D:1      | Reached XP level 2. HP: 24/24 MP: 2/2
   266 | D:1      | Reached XP level 3. HP: 25/29 MP: 3/3
   268 | D:1      | Reached skill level 3 in Axes
   855 | D:2      | Found a snail-covered altar of Cheibriados.
  1019 | D:2      | Reached XP level 4. HP: 19/35 MP: 4/4
  1082 | D:2      | Found a basalt altar of Yredelemnul.
  1185 | D:2      | Found a white marble altar of Elyvilon.
  1260 | D:2      | Noticed Jessica
  1265 | D:2      | Killed Jessica
  1265 | D:2      | Reached skill level 4 in Axes
  1265 | D:2      | Reached XP level 5. HP: 35/41 MP: 5/5
  1412 | D:2      | Noticed Natasha
  1420 | D:2      | Killed Natasha
  1420 | D:2      | Reached skill level 5 in Shields
  1480 | D:2      | Found a stormy altar of Qazlal.
  1592 | D:2      | Noticed Natasha
  1598 | D:2      | Killed Natasha
  1780 | D:2      | Noticed Natasha
  1788 | D:2      | Killed Natasha
  1788 | D:2      | Reached XP level 6. HP: 37/47 MP: 6/6
  1857 | D:3      | Reached skill level 5 in Axes
  2072 | D:3      | Noticed Ijyb
  2079 | D:3      | Killed Ijyb
  2099 | D:3      | Found a faded altar of an unknown god.
  2599 | D:3      | Reached XP level 7. HP: 20/52 MP: 7/7
  2716 | D:3      | Noticed Terence
  2727 | D:3      | Killed Terence
  2952 | D:4      | Reached skill level 6 in Axes
  2958 | D:4      | Noticed kaisn's ghost (novice TrBe)
  3126 | D:4      | Found a glowing golden altar of the Shining One.
  3200 | D:4      | Found a staircase to the Ecumenical Temple.
  3261 | Temple   | Entered the Ecumenical Temple
  3294 | Temple   | Became a worshipper of Warmaster Okawaru
  4184 | D:5      | Entered Level 5 of the Dungeon
  4192 | D:5      | Noticed Kohma's ghost (novice MiGl)
  4637 | D:5      | Noticed a hippogriff
  4685 | D:5      | Noticed a water moccasin
  4717 | D:4      | Killed a water moccasin
  4717 | D:4      | Reached skill level 7 in Axes
  4717 | D:4      | Reached XP level 8. HP: 32/58 MP: 8/8
  4884 | D:5      | Killed a hippogriff
  4884 | D:5      | Reached * piety under Okawaru
  5342 | D:6      | Reached skill level 8 in Axes
  5576 | D:6      | Reached XP level 9. HP: 31/64 MP: 9/9
  5654 | D:6      | Noticed Duvessa
  5658 | D:6      | Noticed Dowan
  5942 | D:6      | Reached skill level 9 in Axes
  6181 | D:7      | Reached ** piety under Okawaru
  6419 | D:7      | Found a glowing silver altar of Zin.
  6422 | D:7      | Noticed Kohma's ghost (novice MiFi)
  6531 | D:7      | Reached skill level 10 in Axes
  6532 | D:7      | Reached skill level 1 in Invocations
  6770 | D:7      | Found Ucsuheank's Magic Scroll Emporium.
  6785 | D:7      | Bought a scroll of identify for 20 gold pieces
  6785 | D:7      | Bought a scroll of identify for 20 gold pieces
  7008 | D:7      | Noticed a hippogriff
  7022 | D:7      | Killed a hippogriff
  7025 | D:7      | Reached XP level 10. HP: 18/70 MP: 12/12
  7172 | D:6      | Killed Duvessa
  7178 | D:6      | Killed Dowan
  7296 | D:6      | Found a shattered altar of Ashenzari.
  7401 | D:6      | Noticed Prince Ribbit
  7514 | D:6      | Killed Prince Ribbit
  7820 | D:7      | Reached skill level 5 in Invocations
  7955 | D:8      | Reached *** piety under Okawaru
  7979 | D:8      | Noticed Revguard's ghost (novice DsFi)
  8184 | D:8      | Reached skill level 11 in Axes
  8267 | D:8      | Killed Revguard's ghost
  8267 | D:8      | Reached skill level 10 in Shields
  8303 | D:8      | Found a burning altar of Makhleb.
  8550 | D:8      | Noticed Grum
  8570 | D:8      | Killed Grum
  8622 | D:8      | Found a sand-covered staircase.
  8629 | Ossuary  | Entered an ossuary
  9276 | D:9      | Reached **** piety under Okawaru
  9317 | D:8      | Reached XP level 11. HP: 23/75 MP: 16/16
  9953 | D:9      | Found an ornate altar of the Wu Jian Council.
  9953 | D:9      | Found an opulent altar of Gozag.
  9962 | D:9      | Reached skill level 12 in Axes
 10131 | D:10     | Entered Level 10 of the Dungeon
 10178 | D:10     | Noticed a two-headed ogre
 10211 | D:9      | Reached ***** piety under Okawaru
 10983 | D:10     | Noticed an unseen horror
 11001 | D:10     | Killed an unseen horror
 11286 | D:11     | Noticed a two-headed ogre
 11300 | D:11     | Killed a two-headed ogre
 11300 | D:11     | Reached skill level 1 in Dodging
 11504 | D:11     | Noticed a white ugly thing
 11512 | D:11     | Killed a white ugly thing
 11512 | D:11     | Received a gift from Okawaru
 11521 | D:11     | Identified a +0 pair of boots of running (Okawaru gifted it to you on level 11 of the Dungeon)
 11594 | D:11     | Noticed a cyclops
 11595 | D:11     | HP: 3/75 [cyclops/large rock (44)]
 11623 | D:11     | Hit by a large rock thrown by a cyclops

Skill      XL: |  1  2  3  4  5  6  7  8  9 10 11 |
---------------+----------------------------------+-----
Shields        | 4 5 6 8 9 10 11 | 11.0
Axes           | 3 4 5 7 8 10 11 12 | 12.3
Invocations    | 3 7 9 |  9.8
Dodging        | 2 |  2.3
Armour         | 4 |  4.6
Fighting       | |  3.2

Action                   |  1- 3 |  4- 6 |  7- 9 | 10-12 || total
-------------------------+-------+-------+-------+-------++-------
Melee: War axe           |   131 |   167 |   460 |   517 ||  1275
Invok: Heroism           |       |       |    10 |    17 ||    27
  Use: Potion            |     2 |       |     8 |     2 ||    12
       Scroll            |       |       |     4 |     2 ||     6
 Stab: Sleeping          |       |       |       |     1 ||     1
  Eat: Chunk             |     1 |     5 |    15 |     6 ||    27
       Ration            |       |       |       |     2 ||     2
Armor: Scale mail        |    52 |    61 |   128 |    34 ||   275
       Plate armour      |       |       |       |   151 ||   151
Dodge: Dodged            |    59 |    70 |   112 |   147 ||   388
Block: Shield            |    96 |   106 |   269 |   334 ||   805
